 Dungeon Crawl Stone Soup version 0.15-a0-809-g8e1b895 (webtiles) character file.

658 boh the Archer (level 7, -6/52 HPs)
             Began as a Centaur Hunter on May 13, 2014.
             Was a Believer of Zin.
             Mangled by an ogre
             ... wielding a +0,+0 giant club
              (18 damage)
             ... on Level 5 of the Dungeon on May 14, 2014.
             The game lasted 00:55:40 (3584 turns).

boh the Archer (Centaur Hunter)                     Turns: 3584, Time: 00:55:40

HP  -6/52        AC  5     Str 15      XL: 7   Next: 30%
MP   5/5         EV  9     Int 12      God: Zin [**....]
Gold 120         SH  0     Dex 11      Spells:  0 memorised,  6 levels left

rFire  . . .     SeeInvis .     a - +0 long sword
rCold  . . .     Clarity  .     d - +0 leather armour
rNeg   . . .     Conserve .     (no shield)
rPois  .         rCorr    .     (no helmet)
rElec  .         rRot     .     (no cloak)
SustAb + .       Spirit   .     s - +0 pair of gloves
rMut   .         Warding  .     (no barding)
Gourm  .         Stasis   +     k - amulet of stasis
MR     .....                    j - +2 ring of intelligence
                                A - ring of sustain abilities

@: very quick, not resistant to hostile enchantments, very unstealthy
A: hooves 3, deformed body, herbivore 1, speed 2, fast metabolism 1, tough skin
3
a: Recite, Vitalisation, Renounce Religion


You were on level 5 of the Dungeon.
You worshipped Zin.
Zin was pleased with you.
You were hungry.

You visited 1 branch of the dungeon, and saw 5 of its levels.

You collected 212 gold pieces.
You donated 92 gold pieces to Zin.

Inventory:

Hand weapons
 a - a +0,+0 long sword (weapon)
 b - a +2,+1 shortbow
 l - a +0,+0 whip
 t - a +0,+0 short sword
 u - a -1,+0 sling
 C - a +1,+2 whip
 F - a -1,-1 falchion
 R - a +0,+0 short sword
Missiles
 y - 29 bolts
 G - 13 stones (quivered)
Armour
 d - a +0 leather armour (worn)
 e - a +0 leather armour
 s - a +0 pair of gloves (worn)
 w - a +2 ring mail
 H - a +0 robe
Magical devices
 c - a wand of fireball (7) {unknown}
 r - a wand of random effects (18)
 O - a wand of flame (17) {unknown}
Comestibles
 f - 5 bread rations
 h - a pear
 m - 2 sausages
 q - a banana
 x - 2 meat rations
 B - a choko
 E - a beef jerky
 L - a rotting chunk of bat flesh
 P - a chunk of giant gecko flesh
Scrolls
 i - 3 scrolls of noise {unknown}
 n - 2 scrolls of amnesia
 p - a scroll of magic mapping {unknown}
 z - a scroll of remove curse
 K - a scroll of random uselessness
 M - a scroll of fog
Jewellery
 j - a +2 ring of intelligence (right hand)
 k - an amulet of stasis (around neck)
 A - a ring of sustain abilities (left hand)
Potions
 g - a potion of cure mutation {unknown}
 o - a potion of curing
 v - a potion of invisibility {unknown}
 D - 2 potions of might {unknown}
 I - a potion of haste {unknown}
 J - a potion of heal wounds
 N - 2 potions of degeneration {unknown}


   Skills:
 - Level 1.0 Fighting
 + Level 11.5 Bows
 - Level 1.3 Dodging
 - Level 0.5 Stealth


You had 6 spell levels left.
You didn't know any spells.

Dungeon Overview and Level Annotations

Branches:
Dungeon (5/15)             Temple (0/1) D:5

Altars:
Okawaru
Yredelemnul
Zin


Innate Abilities, Weirdness & Mutations

You have hooves in place of feet.
Armour fits poorly on your strangely shaped body.
You digest meat inefficiently.
You cover ground very quickly.
You have a fast metabolism.
You have extremely tough skin (AC +3).


Message History

Firing (i - inventory. (,) - cycle):
Q - an arrow (quivered)
Press: ? - help, Shift-Dir - straight line, f/p - Dowan
Aim: Dowan, wielding a glowing dagger and wearing a robe (severely wounded, moving very quickly)
You shoot an arrow. The arrow hits Dowan.
Dowan is almost dead.
Dowan hits you but does no damage.
You writhe in agony.
a - a +0,+0 long sword (weapon)
Dowan hits you but does no damage.
You writhe in agony.
You hit Dowan.
You kill Dowan!
The ogre hits you with a giant club!
* * * LOW HITPOINT WARNING * * *
You slash the ogre!
The ogre is moderately wounded.
The ogre hits you with a giant club! Zin protects you from harm!
You hit the ogre.
The ogre is heavily wounded.
The ogre hits you with a giant club!
You die...

################
#(....$O.........
#.######....####
#.# #....# #O#
#...:# #@# #....#
#)# #....######
#(# #..........
### #########.#
#.# #.# #.# #.#
#.#


You could see an ogre.

Vanquished Creatures
  The ghost of TZer0alt the Slasher, an experienced FoAK of Lugonu (D:4)
  Duvessa (D:5)
  Dowan (D:5)
  A goliath beetle (D:4)
  A human zombie (D:4)
  An orc priest (D:3)
  A worker ant (D:4)
  7 adders
  A worm (D:3)
  6 giant geckos
  An ooze (D:2)
  4 orcs (D:3)
  10 bats
  3 giant cockroaches
  10 goblins
  8 hobgoblins
  3 jackals (D:4)
  5 kobolds
  2 quokkas
  10 giant newts
  A kobold skeleton (D:4)
  10 rats
88 creatures vanquished.

Notes
Turn   | Place    | Note
--------------------------------------------------------------
     0 | D:1      | boh, the Centaur Hunter, began the quest for the Orb.
     0 | D:1      | Reached XP level 1. HP: 16/16 MP: 1/1
   249 | D:1      | Reached XP level 2. HP: 10/23 MP: 2/2
   452 | D:1      | Reached skill level 6 in Bows
   899 | D:2      | Reached XP level 3. HP: 24/28 MP: 3/3
  1109 | D:2      | Upgraded the game from 0.15-a0-773-g3a4c672 to 0.15-a0-809-g8e1b895
  1127 | D:2      | Reached skill level 7 in Bows
  1439 | D:2      | Reached XP level 4. HP: 35/35 MP: 3/3
  1815 | D:3      | Reached skill level 8 in Bows
  2031 | D:3      | Found a glowing silver altar of Zin.
  2048 | D:3      | Became a worshipper of Zin the Law-Giver
  2048 | D:3      | Acquired Zin's first power
  2051 | D:3      | Donated 71 gold pieces to Zin
  2284 | D:3      | Reached XP level 5. HP: 27/40 MP: 4/4
  2543 | D:4      | Noticed TZer0alt's ghost (experienced FoAK)
  2889 | D:4      | Reached skill level 9 in Bows
  2992 | D:4      | Noticed a human
  3031 | D:4      | Reached XP level 6. HP: 25/47 MP: 5/5
  3055 | D:4      | Acquired Zin's second power
  3060 | D:4      | Found a basalt altar of Yredelemnul.
  3150 | D:4      | Found an iron altar of Okawaru.
  3283 | D:4      | Killed TZer0alt's ghost
  3283 | D:4      | Reached skill level 11 in Bows
  3283 | D:4      | Reached XP level 7. HP: 32/52 MP: 5/5
  3315 | D:4      | Found a basalt altar of Yredelemnul.
  3346 | D:5      | Entered Level 5 of the Dungeon
  3351 | D:5      | Found a staircase to the Ecumenical Temple.
  3416 | D:5      | Noticed Duvessa
  3416 | D:5      | Noticed Dowan
  3559 | D:5      | Killed Duvessa
  3582 | D:5      | Killed Dowan
  3583 | D:5      | Zin protects you from harm!
  3584 | D:5      | Mangled by an ogre

Action                   |  1- 3 |  4- 6 |  7- 9 || total
-------------------------+-------+-------+-------++-------
Melee: Short sword       |   117 |   156 |       ||   273
       Long sword        |       |    10 |     5 ||    15
 Fire: Shortbow          |    17 |    62 |    15 ||    94
Throw: Stone             |       |     6 |       ||     6
Invok: Recite            |       |     5 |       ||     5
  Use: Scroll            |       |    11 |       ||    11
       Potion            |       |     3 |     2 ||     5
